 Dungeon Crawl Stone Soup version 0.28.0-49-g6dfe1f597d (webtiles) character file.

Game seed: 8858595284068968608

32 Zeld the Skirmisher (level 3, -1/33 HPs)
             Began as a Minotaur Monk on May 11, 2022.
             Slain by an orc wizard
             ... wielding a +0 dagger
              (3 damage)
             ... on level 3 of the Dungeon.
             The game lasted 00:01:03 (1218 turns).

Zeld the Skirmisher (Minotaur Monk)                 Turns: 1218, Time: 00:01:04

Health: -1/33      AC:  3    Str: 17    XL:     3   Next: 10%
Magic:  2/2        EV: 13    Int:  7    God:
Gold:   24         SH:  0    Dex: 12    Spells: 2/2 levels left

rFire   . . .      SeeInvis .   a - +0 hand axe
rCold   . . .      Faith    .   (no shield)
rNeg    . . .      Spirit   .   e - +1 robe "Aziqoori" {+Blink rPois Stlth+}
rPois   +          Reflect  .   (helmet restricted)
rElec   .          Harm     .   (no cloak)
rCorr   .          Rampage  .   (no gloves)
Will    .....                   (no boots)
Stlth   +++.......              (no amulet)
HPRegen 0.11/turn               (no ring)
MPRegen 0.08/turn               (no ring)

@: no status effects
A: horns 2, retaliatory headbutt
a: Evoke Blink


You were on level 3 of the Dungeon.
You visited 1 branch of the dungeon, and saw 3 of its levels.

You collected 24 gold pieces.

Inventory:

Hand Weapons
 a - a +0 hand axe (weapon)
Armour
 b - a +0 robe
 e - the +1 robe "Aziqoori" (worn) {+Blink rPois Stlth+}
   (You found it on level 3 of the Dungeon)

   rPois:     It protects you from poison.
   +Blink:    It lets you blink.
   Stlth:     It makes you more stealthy.
Scrolls
 c - 3 scrolls of identify {unknown}
Potions
 d - a potion of attraction {unknown}


   Skills:
 * Level 4.1 Fighting
 * Level 4.1 Axes
 + Level 0.9 Armour
 + Level 3.4 Dodging
 - Level 2.0 Stealth


You had 2 spell levels left.
You didn't know any spells.
Your spell library was empty.

Dungeon Overview and Level Annotations

Branches:
Dungeon (3/15)

Altars:


Innate Abilities, Weirdness & Mutations

You have a pair of horns on your head.
You reflexively headbutt those who attack you in melee.


Message History

Unknown command.
Unknown command.
Unknown command.
You miss the orc. You headbutt the orc.
You kill the orc!
You completely miss something.
You hear some strange, mumbled words.
Something tries to affect you, but you resist.
You hit something.
You hear some strange, mumbled words.
A magic dart appears from out of thin air!
The magic dart hits you.
You closely miss something. Your headbutt misses something. Something hits you.
You're too confused to move!
You feel less confused. Something hits you.
You completely miss something. Your headbutt misses something.
Something hits you.
You miss something. You headbutt something. Something hits you.
* * * LOW HITPOINT WARNING * * *
You hit something but do no damage. Something hits you but does no damage.
You hit something.
You hear some strange, mumbled words.
You are confused.
Something hits you.
* * * LOW HITPOINT WARNING * * *
You bump into the rock wall.
Something hits you but does no damage.
You're too confused to move!
Something hits you.
* * * LOW HITPOINT WARNING * * *
You completely miss something. Something hits you.
* * * LOW HITPOINT WARNING * * *
You bump into the rock wall.
You feel less confused. Something hits you.
* * * LOW HITPOINT WARNING * * *
You closely miss something. Something hits you but does no damage.
You hit something. Something hits you.
* * * LOW HITPOINT WARNING * * *
You miss something. You headbutt something. Something hits you.
You die...

#......#
#.#
#......#
#.#
######.#
#.# #.# #(#
#.# #.# #.#
#.# #.# #o#
#.# #{# #.#
#@# #.# #.#
#.# #.# #.#
#.# #.# #.#
#.#######.#
#...†.....#
###########


You could see an orc.

Vanquished Creatures
  4 worms (D:2)
  An orc (D:3)
  2 endoplasms
  A giant cockroach (D:2)
  A goblin (D:3)
  2 kobolds (D:1)
  4 ball pythons
  A bat (D:1)
  4 rats
20 creatures vanquished.

Vanquished Creatures (others)
  4 toadstools (D:1)
4 creatures vanquished.

Grand Total: 24 creatures vanquished

Notes
Turn   | Place    | Note
-------+----------+-------------------------------------------
     0 | D:1      | Zeld the Minotaur Monk began the quest for the Orb.
     0 | D:1      | Reached XP level 1. HP: 19/19 MP: 0/0
   552 | D:2      | Reached XP level 2. HP: 25/27 MP: 1/1
  1140 | D:3      | Reached XP level 3. HP: 33/33 MP: 2/2
  1190 | D:3      | Identified the +1 robe "Aziqoori" {+Blink rPois Stlth+}
  1218 | D:3      | Slain by an orc wizard

Illustrated notes

Levels and vault maps discovered:
D:1:      ldierk_walled_garden_2, layout_loops_corners, minmay_misc_feat_iff,
          st_stairs_13
D:2:      minmay_evil_eye, layout_basic, nicolae_wormholes
D:3:      layout_basic

Skill      XL: |  1  2 |
---------------+-------+-----
Fighting       | 4 |  4.1
Axes           | 4 |  4.1
Stealth        | 2 |  2.0
Armour         | |  0.9
Dodging        | |  3.4

Action                   || total
-------------------------++-------
Melee: Hand axe          ||    62
       Headbutt          ||    11
       Punch             ||     2
 Stab: Sleeping          ||     3
Armor: Robe              ||    10
Dodge: Dodged            ||    18
